 Dungeon Crawl Stone Soup version 0.32-a0-918-g0f22ef8d61 (webtiles) character file.

Game seed: 6253529484179626824

39 Adrian566 the Sneak (level 3, -3/24 HPs)
             Began as an Octopode Brigand on Apr 11, 2024.
             Slain by Sigmund
             ... wielding a +0 scythe
              (8 damage)
             ... on level 2 of the Dungeon.
             The game lasted 00:01:41 (1089 turns).

Adrian566 the Sneak (Octopode Brigand)              Turns: 1089, Time: 00:01:42

Health: -3/24      AC:  1    Str: 10    XL:     3   Next: 47%
Magic:  3/3        EV: 12    Int: 13    God:
Gold:   7          SH:  0    Dex: 15    Spells: 2/2 levels left

rFire   . . .        a - +2 dagger
rCold   . . .        (no shield)
rNeg    . . .        (helmet restricted)
rPois   .            (no amulet)
rElec   .            (no ring)
rCorr   .            (no ring)
SInv    .            (no ring)
Will    .....        (no ring)
Stlth   ++           (no ring)
HPRegen 0.24/turn    (no ring)
MPRegen 0.08/turn    (no ring)
                     (no ring)

%: no passive effects
@: confused, on berserk cooldown, slowed, very slow
A: almost no armour, amphibious, 8 rings, camouflage 1, gelatinous body 1,
(nimble swimmer 1), tentacles
a: no special abilities


You were on level 2 of the Dungeon.
You visited 1 branch of the dungeon, and saw 2 of its levels.

You collected 90 gold pieces.
You spent 83 gold pieces at shops.

Inventory:

Hand Weapons
 a - a +2 dagger (weapon)
Missiles
 b - 13 poisoned darts (quivered)
 c - 3 curare-tipped darts
Jewellery
 h - a ring of protection from cold
Potions
 j - a potion of attraction


   Skills:
 + Level 2.1 Fighting
 + Level 2.6 Short Blades
 + Level 2.0 Throwing
 + Level 1.0 Dodging
 + Level 6.4 Stealth


You had 2 spell levels left.
You didn't know any spells.
Your spell library was empty.

Dungeon Overview and Level Annotations

Branches:
Dungeon (2/15)

Altars:

Shops:
D:2 *

Annotations:
D:2 Sigmund


Innate Abilities, Weirdness & Mutations

You cannot wear most types of armour.
You are amphibious.
You can wear up to eight rings at the same time.
Your skin changes colour to match your surroundings (Stealth+).
Your rubbery body absorbs attacks. (AC +1, EV +1)
((You are camouflaged when in or above water. (Stealth+)))
You have tentacles for arms and can constrict up to eight enemies at once.


Message History

Sigmund casts a spell at you. The magic dart hits you.
Sigmund hits you with a +0 scythe!
Ouch! That really hurt!
You're too confused to move!
Sigmund says, "Look into my eyes."
Sigmund hits you with a +0 scythe.
* * * LOW HITPOINT WARNING * * *
You hit Sigmund.
Sigmund is lightly wounded.
Sigmund closely misses you.
You barely miss Sigmund.
Sigmund is lightly wounded.
You feel less confused. Sigmund gestures at you while chanting.
You are confused.
You completely miss Sigmund. Sigmund misses you.
You bump into the rock wall.
Sigmund hits you with a +0 scythe.
* * * LOW HITPOINT WARNING * * *
You hit Sigmund. Your squeeze misses Sigmund.
Sigmund is lightly wounded.
Sigmund closely misses you.
You're too confused to move!
You feel less confused.
You feel a little less clever now. Sigmund misses you.
You hit Sigmund. You grab Sigmund.
Sigmund is moderately wounded.
You constrict Sigmund.
Sigmund says, "Your kind have come here before.
I understand now why.
You desire death..."
Sigmund mumbles some strange words.
Sigmund flickers and vanishes!
Deactivating autopickup; reactivate with Ctrl-A.
You feel better.
You constrict something. Something barely misses you.
You aren't carrying any scrolls.
You release your grip on something.
Something hits you!
* * * LOW HITPOINT WARNING * * *
You hear some strange, mumbled words.
You are confused.
You bump into the rock wall.
Something hits you!
You die...

######### ..∩.....# ###
.∩∩∩....# ..# ..∩.....# #.#
.########## ........# #.#
............ ..>.†...# #.# #.#
..[.......... ...###### #.#
#.#............... .....# #.#
#.#.............†. ...#.## #.#
#@#............... ...#..### #.#
#.#............... ...##.÷.###.#
#.#............... ##.####...#.#
#.#...............
#..#####...####.#...............
#.......##..#...#...............
#.......##....#####.............
#.#.....##.#......'.............
#.#.....##.##.#####...#####.####


There were no monsters in sight!

Vanquished Creatures
  An adder (D:2)
  A dart slug (D:2)
  3 endoplasms
  2 giant cockroaches (D:1)
  2 goblins
  2 hobgoblins (D:1)
  4 jackals (D:2)
  A kobold (D:2)
  3 quokkas
  5 rats
24 creatures vanquished.

Notes
Turn   | Place    | Note
-------+----------+-------------------------------------------
     0 | D:1      | Adrian566 the Octopode Brigand began the quest for the Orb.
     0 | D:1      | Reached XP level 1. HP: 14/14 MP: 1/1
   110 | D:1      | Reached XP level 2. HP: 19/19 MP: 2/2
   530 | D:2      | Reached skill level 6 in Stealth
   560 | D:2      | Reached XP level 3. HP: 24/24 MP: 3/3
   822 | D:2      | Found Tiocise's Assorted Antiques.
   838 | D:2      | Bought a silvery potion for 20 gold pieces
   838 | D:2      | Bought an emerald potion for 20 gold pieces
   838 | D:2      | Bought a silvery potion for 20 gold pieces
   838 | D:2      | Bought a scroll labelled TALETS QOC NEA for 23 gold pieces
  1068 | D:2      | Noticed Sigmund
  1082 | D:2      | HP: 1/24 [Sigmund/+0 scythe (3)]
  1089 | D:2      | Slain by Sigmund

Illustrated notes

Levels and vault maps discovered:
D:1:      onia_arrival_handbag, layout_rooms, corner_web_ring
D:2:      layout_basic, serial_shops, nicolae_shop_dealshenge, uniq_sigmund,
          uniq_robin

Skill      XL: |  1  2 |
---------------+-------+-----
Stealth        | 6 |  6.4
Fighting       | |  2.1
Short Blades   | |  2.6
Throwing       | |  2.0
Dodging        | |  1.0

Action                     || total
---------------------------++-------
  Melee: Dagger            ||    37
         Constrict         ||     6
         Tentacles         ||     1
    Use: Scroll            ||     6
         Potion            ||     6
   Stab: Sleeping          ||    14
 Armour: Skin              ||    13
  Dodge: Dodged            ||    15

Table legend: (Time is in decaauts)
 A = Elapsed time spent in this place.
 B = Non-inter-level travel time spent in this place.
 C = Inter-level travel time spent in this place.
 D = Time resting spent in this place.
 E = Time spent auto-exploring this place.
 F = Levels seen in this place.
 G = Mean time per level.
                   A        B        C        D        E       F      G
               +--------+--------+--------+--------+--------+-----+--------+
         Total |   1100 |   1081 |     19 |    252 |    639 |   2 |  550.0 |
       Dungeon |   1100 |   1081 |     19 |    252 |    639 |   2 |  550.0 |
               +--------+--------+--------+--------+--------+-----+--------+

Top non-repeatable levels by time:
     D:2: 593 daAuts
     D:1: 506 daAuts
